| TOP OF THE 1ST |
|
Puerto Barrios Generals batting - Pitching for San Jose Volcanoes : LHP Brad Havens
|
|
Pitching: LHP Brad Havens
|
|
|
Batting: SHB Vince Coleman
|
0-0: Ball 1-0: Called Strike 1-1: Ball 2-1: Ball 3-1: Base on Balls
|
|
Batting: LHB Andy Guerrero
|
0-0: Ball 1-0: Ball 2-0: Called Strike 2-1: Foul Ball, location: 2F 2-2: Ball 3-2: Fly out, F8 (Flyball, 89XD, EV 100.6 MPH)
|
|
Batting: LHB Ty Gainey
|
0-0: Fly out, F8 (Line Drive, 8LM, EV 100.0 MPH)
|
|
Batting: LHB Randy Bush
|
0-0: Ball 1-0: Ball 2-0: Ball 3-0: Base on Balls Vince Coleman to second
|
|
Batting: RHB Mike Diaz
|
0-0: Foul Ball, location: 2F 0-1: Foul Ball, location: 2F 0-2: Ball 1-2: Ball 2-2: Ball 3-2: Strikes out swinging
|
| Top of the 1st over - 0 runs, 0 hits, 0 errors, 2 left on base; Puerto Barrios 0 - San Jose 0 |
| BOTTOM OF THE 1ST |
|
San Jose Volcanoes batting - Pitching for Puerto Barrios Generals : RHP Eric Wilkins
|
|
Pitching: RHP Eric Wilkins
|
|
|
Batting: RHB Jay Schellin
|
0-0: Ball 1-0: Ball 2-0: Called Strike 2-1: Foul Ball, location: 2F 2-2: Foul Ball, location: 2F 2-2: Foul Ball, location: 2F 2-2: Strikes out swinging
|
|
Batting: RHB Anthony Laurenzi
|
0-0: Called Strike 0-1: Called Strike 0-2: Ball 1-2: Ball 2-2: Ground out 4-3 (Groundball, 4, EV 76.9 MPH)
|
|
Batting: LHB Mike LaValliere
|
0-0: SINGLE (Line Drive, 7S, EV 99.4 MPH)
|
|
Batting: LHB Pete M O'Brien
|
0-0: Foul Ball, location: 2F 0-1: Fly out, F8 (Flyball, 8LM, EV 90.0 MPH)
|
| Bottom of the 1st over - 0 runs, 1 hit, 0 errors, 1 left on base; Puerto Barrios 0 - San Jose 0 |
| TOP OF THE 2ND |
|
Puerto Barrios Generals batting - Pitching for San Jose Volcanoes : LHP Brad Havens
|
|
Batting: LHB Pedro Rabassa
|
0-0: Foul Ball, location: 2F 0-1: Foul Ball, location: 2F 0-2: Ball 1-2: Ball 2-2: Ball 3-2: Reached on error, E3 (Groundball, 34, EV 111.3 MPH)
|
|
Batting: SHB Doug Baker
|
0-0: Called Strike 0-1: Swinging Strike 0-2: Foul Ball, location: 2F 0-2: Foul Ball, location: 2F 0-2: Foul Ball, location: 2F 0-2: Ball 1-2: Ball 2-2: Foul Ball, location: 2F 2-2: Foul Ball, location: 2F 2-2: Strikes out swinging
|
|
Batting: RHB Mark Sproesser
|
0-0: Ball 1-0: Called Strike 1-1: Ball 2-1: Ball 3-1: Base on Balls Pedro Rabassa to second
|
|
Batting: LHB Alex Mata
|
0-0: Ball 1-0: Ball 2-0: Ball 3-0: Called Strike 3-1: Foul Ball, location: 2F 3-2: Grounds into double play, 3-6-3 (Groundball, 3, EV 103.8 MPH)
|
| Top of the 2nd over - 0 runs, 0 hits, 1 error, 1 left on base; Puerto Barrios 0 - San Jose 0 |
| BOTTOM OF THE 2ND |
|
San Jose Volcanoes batting - Pitching for Puerto Barrios Generals : RHP Eric Wilkins
|
|
Batting: RHB Jeff Spisok
|
0-0: Ball 1-0: Foul Ball, location: 2F 1-1: Ball 2-1: Foul Ball, location: 2F 2-2: Strikes out swinging
|
|
Batting: RHB Tony Evans
|
0-0: Ground out 4-3 (Groundball, 34D, EV 100.6 MPH)
|
|
Batting: RHB Brian David
|
0-0: Ball 1-0: Called Strike 1-1: Ball 2-1: Ball 3-1: Foul Ball, location: 2F 3-2: Foul Ball, location: 2F 3-2: Base on Balls
|
|
Batting: LHB Donald Seeker
|
0-0: Ball 1-0: Called Strike 1-1: Ball 2-1: Called Strike 2-2: Ball 3-2: Base on Balls Brian David to second
|
|
Batting: RHB David Cusack
|
0-0: SINGLE (Flyball, 34D, EV 93.1 MPH) Brian David to third Donald Seeker to second Runner from 3rd tries for Home, SAFE, throw by RF to home
|
|
Batting: RHB Jay Schellin
|
0-0: Called Strike 0-1: Ball 1-1: Ball 2-1: Called Strike 2-2: Strikes out swinging
|
| Bottom of the 2nd over - 1 run, 1 hit, 0 errors, 2 left on base; Puerto Barrios 0 - San Jose 1 |
| TOP OF THE 3RD |
|
Puerto Barrios Generals batting - Pitching for San Jose Volcanoes : LHP Brad Havens
|
|
Batting: SHB Vince Coleman
|
0-0: Foul Ball, location: 2F 0-1: Ball 1-1: Ball 2-1: Ground out 5-3 (Groundball, 5S, EV 60.6 MPH)
|
|
Batting: LHB Andy Guerrero
|
0-0: Ball 1-0: Called Strike 1-1: Foul Ball, location: 2F 1-2: Ball 2-2: Ball 3-2: Foul Ball, location: 2F 3-2: Ground out 4-3 (Groundball, 4, EV 85.6 MPH)
|
|
Batting: LHB Ty Gainey
|
0-0: Called Strike 0-1: Fly out, F9 (Flyball, 9LD, EV 98.8 MPH)
|
| Top of the 3rd over - 0 runs, 0 hits, 0 errors, 0 left on base; Puerto Barrios 0 - San Jose 1 |
| BOTTOM OF THE 3RD |
|
San Jose Volcanoes batting - Pitching for Puerto Barrios Generals : RHP Eric Wilkins
|
|
Batting: RHB Anthony Laurenzi
|
0-0: Called Strike 0-1: Ball 1-1: Ball 2-1: Ball 3-1: Fly out, F9 (Flyball, 9S, EV 80.0 MPH)
|
|
Batting: LHB Mike LaValliere
|
0-0: Ball 1-0: Called Strike 1-1: Ball 2-1: Swinging Strike 2-2: Ball 3-2: Foul Ball, location: 2F 3-2: Foul Ball, location: 2F 3-2: Foul Ball, location: 2F 3-2: Foul Ball, location: 2F 3-2: Base on Balls
|
|
Batting: LHB Pete M O'Brien
|
0-0: Ball 1-0: Ball 2-0: Called Strike 2-1: Swinging Strike 2-2: Fly out, F9 (Flyball, 89M, EV 91.3 MPH)
|
|
Batting: RHB Jeff Spisok
|
0-0: Called Strike 0-1: Ball 1-1: Ball 2-1: SINGLE (Groundball, 56D, EV 106.3 MPH) Mike LaValliere to second
|
|
Batting: RHB Tony Evans
|
0-0: Called Strike 0-1: Foul Ball, location: 2F 0-2: Foul Ball, location: 2F 0-2: Ball 1-2: Ball 2-2: Fielders Choice at 2nd, 6-4 (Groundball, 6, EV 110.0 MPH)
|
| Bottom of the 3rd over - 0 runs, 1 hit, 0 errors, 2 left on base; Puerto Barrios 0 - San Jose 1 |
| TOP OF THE 4TH |
|
Puerto Barrios Generals batting - Pitching for San Jose Volcanoes : LHP Brad Havens
|
|
Batting: LHB Randy Bush
|
0-0: Ball 1-0: Ball 2-0: Ground out 4-3 (Groundball, 4, EV 87.5 MPH)
|
|
Batting: RHB Mike Diaz
|
0-0: Swinging Strike 0-1: Ball 1-1: Ball 2-1: Ball 3-1: Called Strike 3-2: SOLO HOME RUN (Flyball, 78XD, EV 94.4 MPH), Distance : 432 ft
|
|
Batting: LHB Pedro Rabassa
|
0-0: Swinging Strike 0-1: Ball 1-1: Ground out 3-1 (Groundball, 34, EV 80.0 MPH)
|
|
Batting: SHB Doug Baker
|
0-0: Ball 1-0: Called Strike 1-1: Fly out, F7 (Line Drive, 7, EV 104.4 MPH)
|
| Top of the 4th over - 1 run, 1 hit, 0 errors, 0 left on base; Puerto Barrios 1 - San Jose 1 |
| BOTTOM OF THE 4TH |
|
San Jose Volcanoes batting - Pitching for Puerto Barrios Generals : RHP Eric Wilkins
|
|
Batting: RHB Brian David
|
0-0: Swinging Strike 0-1: Swinging Strike 0-2: Ball 1-2: Ball 2-2: Strikes out looking
|
|
Batting: LHB Donald Seeker
|
0-0: Called Strike 0-1: Foul Ball, location: 2F 0-2: Ball 1-2: Fly out, F5 (Popup, 5SF, EV 76.9 MPH)
|
|
Batting: RHB David Cusack
|
0-0: Ball 1-0: Swinging Strike 1-1: Fly out, F7 (Line Drive, 7, EV 105.0 MPH)
|
| Bottom of the 4th over - 0 runs, 0 hits, 0 errors, 0 left on base; Puerto Barrios 1 - San Jose 1 |
| TOP OF THE 5TH |
|
Puerto Barrios Generals batting - Pitching for San Jose Volcanoes : LHP Brad Havens
|
|
Batting: RHB Mark Sproesser
|
0-0: Called Strike 0-1: Ball 1-1: Ball 2-1: Called Strike 2-2: Ball 3-2: Foul Ball, location: 2F 3-2: Base on Balls
|
|
Batting: LHB Alex Mata
|
0-0: Ball 1-0: Fly out, F8 (Flyball, 78S, EV 85.0 MPH)
|
|
Batting: SHB Vince Coleman
|
0-0: Ball 1-0: SINGLE (Line Drive, 34D, EV 96.3 MPH) Mark Sproesser to second Runner from 2nd tries for 3rd, SAFE, no throw by RF
|
|
Batting: LHB Andy Guerrero
|
0-0: Ball 1-0: Ball 2-0: Called Strike 2-1: Foul Ball, location: 2F 2-2: Fly out, F8 (Flyball, 8RD, EV 98.1 MPH) Runner from 3rd tags up, SCORES, no throw by CF
|
|
Batting: LHB Ty Gainey
|
0-0: Foul Ball, location: 2F 0-1: Called Strike 0-2: Ball Vince Coleman is caught stealing 2nd base 2-6
|
| Top of the 5th over - 1 run, 1 hit, 0 errors, 0 left on base; Puerto Barrios 2 - San Jose 1 |
| BOTTOM OF THE 5TH |
|
San Jose Volcanoes batting - Pitching for Puerto Barrios Generals : RHP Eric Wilkins
|
|
Batting: RHB Jay Schellin
|
0-0: Ball 1-0: SOLO HOME RUN (Line Drive, 7D, EV 97.5 MPH), Distance : 413 ft
|
|
Batting: RHB Anthony Laurenzi
|
0-0: Called Strike 0-1: Foul Ball, location: 2F 0-2: Ball 1-2: Ground out 4-3 (Groundball, 34, EV 98.1 MPH)
|
|
Batting: LHB Mike LaValliere
|
0-0: Ball 1-0: Ground out 6-3 (Groundball, 56, EV 84.4 MPH)
|
|
Batting: LHB Pete M O'Brien
|
0-0: Fly out, F7 (Flyball, 7LD, EV 85.0 MPH)
|
| Bottom of the 5th over - 1 run, 1 hit, 0 errors, 0 left on base; Puerto Barrios 2 - San Jose 2 |
| TOP OF THE 6TH |
|
Puerto Barrios Generals batting - Pitching for San Jose Volcanoes : LHP Brad Havens
|
|
Batting: LHB Ty Gainey
|
0-0: Foul Ball, location: 2F 0-1: Swinging Strike 0-2: Strikes out swinging
|
|
Batting: LHB Randy Bush
|
0-0: Ball 1-0: Swinging Strike 1-1: Foul Ball, location: 2F 1-2: Foul Ball, location: 2F 1-2: Ball 2-2: Foul Ball, location: 2F 2-2: Reached on error, E4 (Groundball, 4, EV 88.8 MPH)
|
|
Batting: RHB Mike Diaz
|
0-0: Ball 1-0: Fly out, F8 (Flyball, 8RS, EV 81.9 MPH)
|
|
Batting: LHB Pedro Rabassa
|
0-0: Swinging Strike 0-1: SINGLE (Line Drive, 4D, EV 105.0 MPH) Randy Bush to third Runner from 3rd tries for Home, SAFE, throw by RF to home Pedro Rabassa to second
|
|
Batting: SHB Doug Baker
|
0-0: Foul Ball, location: 2F 0-1: Swinging Strike 0-2: Ground out U3 (Groundball, 3, EV 91.3 MPH)
|
| Top of the 6th over - 1 run, 1 hit, 1 error, 1 left on base; Puerto Barrios 3 - San Jose 2 |
| BOTTOM OF THE 6TH |
|
San Jose Volcanoes batting - Pitching for Puerto Barrios Generals : RHP Eric Wilkins
|
|
Batting: RHB Jeff Spisok
|
0-0: Fly out, F4 (Popup, 4S, EV 75.6 MPH)
|
|
Batting: RHB Tony Evans
|
0-0: Ball 1-0: Foul Ball, location: 2F 1-1: Ball 2-1: Swinging Strike 2-2: Strikes out swinging
|
|
Batting: RHB Brian David
|
0-0: Called Strike 0-1: Ball 1-1: Reached on error, E6 (Groundball, 56, EV 87.5 MPH)
|
|
Batting: LHB Donald Seeker
|
0-0: Ball 1-0: Called Strike 1-1: Ball 2-1: Called Strike 2-2: Strikes out swinging
|
| Bottom of the 6th over - 0 runs, 0 hits, 1 error, 1 left on base; Puerto Barrios 3 - San Jose 2 |
| TOP OF THE 7TH |
|
Puerto Barrios Generals batting - Pitching for San Jose Volcanoes : LHP Brad Havens
|
|
Batting: RHB Mark Sproesser
|
0-0: Fly out, F9 (Line Drive, 9, EV 93.8 MPH)
|
|
Batting: LHB Alex Mata
|
0-0: Foul Ball, location: 2F 0-1: Foul Ball, location: 2F 0-2: Ball 1-2: Fly out, F8 (Line Drive, 8LD, EV 88.1 MPH)
|
|
Batting: SHB Vince Coleman
|
0-0: Called Strike 0-1: Ball 1-1: Called Strike 1-2: Ball 2-2: Foul Ball, location: 2F 2-2: SINGLE (Groundball, 6D, EV 98.8 MPH)
|
|
Batting: LHB Andy Guerrero
|
0-0: Ball 1-0: Called Strike 1-1: Ground out U3 (Groundball, 3, EV 81.9 MPH)
|
| Top of the 7th over - 0 runs, 1 hit, 0 errors, 1 left on base; Puerto Barrios 3 - San Jose 2 |
| BOTTOM OF THE 7TH |
|
San Jose Volcanoes batting - Pitching for Puerto Barrios Generals : RHP Eric Wilkins
|
|
Batting: RHB David Cusack
|
0-0: Ball 1-0: Ball 2-0: SINGLE (Groundball, 56D, EV 103.1 MPH)
|
|
Batting: RHB Jay Schellin
|
0-0: Bunted foul 0-1: Sac Bunt to 2R - play at first, batter OUT! 2-4 David Cusack to second
|
|
Batting: RHB Anthony Laurenzi
|
0-0: Ball 1-0: Called Strike 1-1: Ball 2-1: Swinging Strike 2-2: Foul Ball, location: 2F 2-2: Foul Ball, location: 2F 2-2: Strikes out swinging
|
|
Batting: LHB Mike LaValliere
|
0-0: Ball 1-0: Ball 2-0: Ball 3-0: Called Strike 3-1: Foul Ball, location: 2F 3-2: Ground out 4-3 (Groundball, 4D, EV 104.4 MPH)
|
| Bottom of the 7th over - 0 runs, 1 hit, 0 errors, 1 left on base; Puerto Barrios 3 - San Jose 2 |
| TOP OF THE 8TH |
|
Puerto Barrios Generals batting - Pitching for San Jose Volcanoes : LHP Brad Havens
|
|
Batting: LHB Ty Gainey
|
0-0: Called Strike 0-1: Ball 1-1: Called Strike 1-2: Ball 2-2: Foul Ball, location: 2F 2-2: Ball 3-2: Strikes out looking
|
|
Batting: LHB Randy Bush
|
0-0: Called Strike 0-1: Ball 1-1: Called Strike 1-2: Ball 2-2: Foul Ball, location: 2F 2-2: Ball 3-2: Fly out, F8 (Flyball, 8LXD, EV 110.6 MPH)
|
|
Batting: RHB Mike Diaz
|
0-0: Ball 1-0: Fly out, F7 (Flyball, 78M, EV 79.4 MPH)
|
| Top of the 8th over - 0 runs, 0 hits, 0 errors, 0 left on base; Puerto Barrios 3 - San Jose 2 |
| BOTTOM OF THE 8TH |
|
San Jose Volcanoes batting - Pitching for Puerto Barrios Generals : RHP Eric Wilkins
|
|
Batting: LHB Pete M O'Brien
|
0-0: Ball 1-0: Called Strike 1-1: Foul Ball, location: 2F 1-2: Ball 2-2: Ground out 4-3 (Groundball, 34, EV 80.0 MPH)
|
|
Batting: RHB Jeff Spisok
|
0-0: Swinging Strike 0-1: Ball 1-1: Called Strike 1-2: Strikes out looking
|
|
Batting: RHB Tony Evans
|
0-0: Foul Ball, location: 2F 0-1: Foul Ball, location: 2F 0-2: Ball 1-2: Ball 2-2: Strikes out swinging
|
| Bottom of the 8th over - 0 runs, 0 hits, 0 errors, 0 left on base; Puerto Barrios 3 - San Jose 2 |
| TOP OF THE 9TH |
|
Puerto Barrios Generals batting - Pitching for San Jose Volcanoes : LHP Brad Havens
|
|
Batting: LHB Pedro Rabassa
|
0-0: Ball 1-0: Ball 2-0: Called Strike 2-1: Foul Ball, location: 2F 2-2: Strikes out looking
|
|
Batting: SHB Doug Baker
|
0-0: Ball 1-0: Ball 2-0: Ball 3-0: Called Strike 3-1: Reached on error, E6 (Groundball, 56, EV 101.3 MPH)
|
|
Batting: RHB Mark Sproesser
|
0-0: Intentional Walk
|
|
Batting: LHB Alex Mata
|
0-0: Ball Wild Pitch! Doug Baker to third Mark Sproesser to second 1-0: Fly out, F8 (Flyball, 89XD, EV 103.8 MPH) Runner from 3rd tags up, SCORES, no throw by CF Mark Sproesser to third
|
|
Pitching: RHP Rodolfo Apodaca
|
|
|
Batting: SHB Vince Coleman
|
0-0: Ball 1-0: Ball 2-0: Called Strike 2-1: Foul Ball, location: 2F 2-2: Foul Ball, location: 2F 2-2: Ball 3-2: Base on Balls
|
|
Batting: LHB Andy Guerrero
|
0-0: Ball 1-0: Ball 2-0: Foul Ball, location: 2F 2-1: TRIPLE (Flyball, 9LD, EV 103.8 MPH) Mark Sproesser scores Vince Coleman scores
|
|
Batting: LHB Ty Gainey
|
0-0: Foul Ball, location: 2F 0-1: Foul Ball, location: 2F 0-2: Ball 1-2: Ball 2-2: Fly out, F8 (Flyball, 8LD, EV 98.1 MPH)
|
| Top of the 9th over - 3 runs, 1 hit, 1 error, 1 left on base; Puerto Barrios 6 - San Jose 2 |
| BOTTOM OF THE 9TH |
|
San Jose Volcanoes batting - Pitching for Puerto Barrios Generals : RHP Eric Wilkins
|
|
Batting: RHB Brian David
|
0-0: Called Strike 0-1: Swinging Strike 0-2: Ball 1-2: SINGLE (Flyball, 5D, EV 87.5 MPH)
|
|
Batting: LHB Donald Seeker
|
0-0: Called Strike 0-1: Ball 1-1: Ball 2-1: Foul Ball, location: 2F 2-2: Grounds into double play, 3-6-3 (Groundball, 3, EV 81.9 MPH)
|
|
Batting: RHB David Cusack
|
0-0: Ball 1-0: Ball 2-0: Ground out 5-3 (Groundball, 56, EV 91.9 MPH)
|
| Bottom of the 9th over - 0 runs, 1 hit, 0 errors, 0 left on base; Puerto Barrios 6 - San Jose 2 |
|